| TOP OF THE 1ST |
|
Baltimore Orioles batting - Pitching for Minnesota Twins : RHP Marcos Ortega
|
|
Pitching: RHP Marcos Ortega
|
|
|
Batting: SHB Willie McGee
|
0-0: Ball 1-0: Fly out, F9 (Flyball, 9LD, EV 106.3 MPH)
|
|
Batting: SHB Johnny Ray
|
0-0: Foul Ball, location: 2F 0-1: Ground out U3 (Groundball, 3, EV 91.9 MPH)
|
|
Batting: LHB Dave Parker
|
0-0: Foul Ball, location: 2F 0-1: Fly out, F8 (Flyball, 8LS, EV 85.0 MPH)
|
| Top of the 1st over - 0 runs, 0 hits, 0 errors, 0 left on base; Baltimore 0 - Minnesota 0 |
| BOTTOM OF THE 1ST |
|
Minnesota Twins batting - Pitching for Baltimore Orioles : RHP Don Robinson
|
|
Pitching: RHP Don Robinson
|
|
|
Batting: RHB Lee Lacy
|
0-0: Ball 1-0: Swinging Strike 1-1: SINGLE (Groundball, 56D, EV 99.4 MPH)
|
|
Batting: LHB Lloyd Moseby
|
0-0: Sac Bunt to 13 - play at second, runner OUT! 1-6
|
|
Batting: RHB Steve Brye
|
0-0: Called Strike 0-1: Ball 1-1: Ball 2-1: Foul Ball, location: 2F 2-2: Ball 3-2: Fly out, F7 (Line Drive, 7, EV 94.4 MPH)
|
|
Batting: RHB George Foster
|
0-0: Ball Lloyd Moseby steals 2nd base 1-0: Ball 2-0: Foul Ball, location: 2F 2-1: Foul Ball, location: 2F 2-2: Hit by Pitch
|
|
Batting: SHB Jerry Mumphrey
|
0-0: Called Strike 0-1: Ball 1-1: Called Strike 1-2: SINGLE (Groundball, 56D, EV 78.8 MPH) (infield hit) Lloyd Moseby to third George Foster to second
|
|
Batting: RHB Matt Cooper
|
0-0: Foul Ball, location: 2F 0-1: Fielders Choice at 2nd, 5-4 (Groundball, 5L, EV 85.0 MPH)
|
| Bottom of the 1st over - 0 runs, 2 hits, 0 errors, 3 left on base; Baltimore 0 - Minnesota 0 |
| TOP OF THE 2ND |
|
Baltimore Orioles batting - Pitching for Minnesota Twins : RHP Marcos Ortega
|
|
Batting: RHB Dwight Evans
|
0-0: Called Strike 0-1: Fly out, F9 (Flyball, 9D, EV 83.8 MPH)
|
|
Batting: LHB Fred Lynn
|
0-0: Ball 1-0: Ball 2-0: DOUBLE (Flyball, 8LXD, EV 100.0 MPH)
|
|
Batting: SHB Steve R Ontiveros
|
0-0: Ball 1-0: SINGLE (Line Drive, 7S, EV 105.6 MPH) Fred Lynn to third Runner from 3rd tries for Home, SAFE, throw by LF to home
|
|
Batting: RHB Matt Rice
|
0-0: Ball 1-0: Grounds into double play, 5-4-3 (Groundball, 5, EV 88.8 MPH)
|
| Top of the 2nd over - 1 run, 2 hits, 0 errors, 0 left on base; Baltimore 1 - Minnesota 0 |
| BOTTOM OF THE 2ND |
|
Minnesota Twins batting - Pitching for Baltimore Orioles : RHP Don Robinson
|
|
Batting: RHB Chet Lemon
|
0-0: Ball 1-0: Foul Ball, location: 2F 1-1: Ball 2-1: Ground out 6-3 (Groundball, 6, EV 87.5 MPH)
|
|
Batting: RHB Aurelio Rodriguez
|
0-0: Bunt missed! 0-1: Fly out, F7 (Flyball, 7S, EV 90.0 MPH)
|
|
Batting: LHB Ken Oberkfell
|
0-0: Ball 1-0: Called Strike 1-1: Fly out, F9 (Line Drive, 9D, EV 92.5 MPH)
|
| Bottom of the 2nd over - 0 runs, 0 hits, 0 errors, 0 left on base; Baltimore 1 - Minnesota 0 |
| TOP OF THE 3RD |
|
Baltimore Orioles batting - Pitching for Minnesota Twins : RHP Marcos Ortega
|
|
Batting: RHB Dennis Werth
|
0-0: Called Strike 0-1: Swinging Strike 0-2: Foul Ball, location: 2F 0-2: Strikes out swinging
|
|
Batting: RHB Marty G Barrett
|
0-0: Called Strike 0-1: Ball 1-1: SINGLE (Flyball, 9LS, EV 96.9 MPH)
|
|
Batting: SHB Willie McGee
|
0-0: Called Strike Marty G Barrett steals 2nd base 0-1: Ball 1-1: Foul Ball, location: 2F 1-2: Ground out 6-3 (Groundball, 6MD, EV 103.8 MPH) Marty G Barrett to third
|
|
Batting: SHB Johnny Ray
|
0-0: Foul Ball, location: 2F 0-1: Hit by Pitch
|
|
Batting: LHB Dave Parker
|
0-0: Ball 1-0: Fly out, F8 (Flyball, 8RM, EV 83.8 MPH)
|
| Top of the 3rd over - 0 runs, 1 hit, 0 errors, 2 left on base; Baltimore 1 - Minnesota 0 |
| BOTTOM OF THE 3RD |
|
Minnesota Twins batting - Pitching for Baltimore Orioles : RHP Don Robinson
|
|
Batting: RHB Lee Lacy
|
0-0: SINGLE (Flyball, 7LM, EV 98.8 MPH)
|
|
Batting: LHB Lloyd Moseby
|
0-0: Ball Lee Lacy steals 2nd base 1-0: Fly out, F9 (Flyball, 9, EV 91.3 MPH)
|
|
Batting: RHB Steve Brye
|
0-0: Ball 1-0: Ball 2-0: Called Strike 2-1: Called Strike 2-2: Foul Ball, location: 2F 2-2: Foul Ball, location: 2F 2-2: Ball 3-2: Foul Ball, location: 2F 3-2: Ground out 5-3 (Groundball, 56S, EV 73.8 MPH) Lee Lacy to third
|
|
Batting: RHB George Foster
|
0-0: Called Strike 0-1: Foul Ball, location: 2F 0-2: Ball 1-2: Fly out, F4 (Flyball, 34D, EV 90.0 MPH)
|
| Bottom of the 3rd over - 0 runs, 1 hit, 0 errors, 1 left on base; Baltimore 1 - Minnesota 0 |
| TOP OF THE 4TH |
|
Baltimore Orioles batting - Pitching for Minnesota Twins : RHP Marcos Ortega
|
|
Batting: RHB Dwight Evans
|
0-0: Called Strike 0-1: Swinging Strike 0-2: Foul Ball, location: 2F 0-2: Strikes out looking
|
|
Batting: LHB Fred Lynn
|
0-0: Called Strike 0-1: Foul Ball, location: 2F 0-2: Ball 1-2: Ball 2-2: Strikes out looking
|
|
Batting: SHB Steve R Ontiveros
|
0-0: Called Strike 0-1: Called Strike 0-2: Foul Ball, location: 2F 0-2: Ball 1-2: SINGLE (Line Drive, 9LM, EV 90.6 MPH)
|
|
Batting: RHB Matt Rice
|
0-0: Called Strike 0-1: Ball 1-1: Swinging Strike 1-2: Ball 2-2: Foul Ball, location: 2F 2-2: SINGLE (Groundball, 56, EV 95.6 MPH) Steve R Ontiveros to second
|
|
Batting: RHB Dennis Werth
|
0-0: Ball 1-0: Foul Ball, location: 2F 1-1: Foul Ball, location: 2F 1-2: Fly out, F6 (Popup, 6MD, EV 67.5 MPH)
|
| Top of the 4th over - 0 runs, 2 hits, 0 errors, 2 left on base; Baltimore 1 - Minnesota 0 |
| BOTTOM OF THE 4TH |
|
Minnesota Twins batting - Pitching for Baltimore Orioles : RHP Don Robinson
|
|
Batting: SHB Jerry Mumphrey
|
0-0: Swinging Strike 0-1: Swinging Strike 0-2: Foul Ball, location: 2F 0-2: Ball 1-2: Ball 2-2: Strikes out swinging
|
|
Batting: RHB Matt Cooper
|
0-0: Ball 1-0: Ground out 6-3 (Groundball, 56D, EV 100.0 MPH)
|
|
Batting: RHB Chet Lemon
|
0-0: Ball 1-0: Foul Ball, location: 2F 1-1: Ball 2-1: Ball 3-1: Base on Balls
|
|
Batting: RHB Aurelio Rodriguez
|
0-0: Ball 1-0: Foul Ball, location: 2F 1-1: Ball 2-1: Called Strike 2-2: Fielders Choice at 2nd, U6 (Groundball, 6M, EV 81.9 MPH)
|
| Bottom of the 4th over - 0 runs, 0 hits, 0 errors, 1 left on base; Baltimore 1 - Minnesota 0 |
| TOP OF THE 5TH |
|
Baltimore Orioles batting - Pitching for Minnesota Twins : RHP Marcos Ortega
|
|
Batting: RHB Marty G Barrett
|
0-0: Called Strike 0-1: Ground out U3 (Groundball, 34, EV 88.8 MPH)
|
|
Batting: SHB Willie McGee
|
0-0: Fly out, F9 (Line Drive, 9, EV 103.1 MPH)
|
|
Batting: SHB Johnny Ray
|
0-0: SINGLE (Line Drive, 6D, EV 105.0 MPH)
|
|
Batting: LHB Dave Parker
|
0-0: Ball 1-0: DOUBLE (Line Drive, 9LS, EV 106.3 MPH) Johnny Ray to third Runner from 3rd tries for Home, SAFE, no throw by RF
|
|
Batting: RHB Dwight Evans
|
0-0: Swinging Strike 0-1: Ball Wild Pitch! Dave Parker to third 1-1: Ball 2-1: Called Strike 2-2: Foul Ball, location: 2F 2-2: Ball 3-2: Foul Ball, location: 2F 3-2: Foul Ball, location: 2F 3-2: 2-RUN HOME RUN (Flyball, 89XD, EV 95.0 MPH), Distance : 416 ft
|
|
Batting: LHB Fred Lynn
|
0-0: Ball 1-0: SINGLE (Groundball, 4MD, EV 106.3 MPH)
|
|
Batting: SHB Steve R Ontiveros
|
0-0: Called Strike 0-1: Ball 1-1: Ball 2-1: Foul Ball, location: 2F 2-2: Foul Ball, location: 2F 2-2: SINGLE (Line Drive, 89M, EV 97.5 MPH) Fred Lynn to second Runner from 2nd tries for 3rd, OUT! 8-5
|
| Top of the 5th over - 3 runs, 5 hits, 0 errors, 1 left on base; Baltimore 4 - Minnesota 0 |
| BOTTOM OF THE 5TH |
|
Minnesota Twins batting - Pitching for Baltimore Orioles : RHP Don Robinson
|
|
Batting: LHB Ken Oberkfell
|
0-0: Ball 1-0: Swinging Strike 1-1: Ball 2-1: Called Strike 2-2: Fly out, F7 (Line Drive, 7, EV 104.4 MPH)
|
|
Batting: RHB Lee Lacy
|
0-0: Ball 1-0: Ball 2-0: Foul Ball, location: 2F 2-1: Foul Ball, location: 2F 2-2: Foul Ball, location: 2F 2-2: SINGLE (Line Drive, 8LS, EV 103.1 MPH)
|
|
Batting: LHB Lloyd Moseby
|
0-0: Ball 1-0: Ball Lee Lacy steals 2nd base 2-0: Ball 3-0: Called Strike 3-1: Foul Ball, location: 2F 3-2: Foul Ball, location: 2F 3-2: Base on Balls
|
|
Batting: RHB Steve Brye
|
0-0: Ball 1-0: Ball 2-0: Ball 3-0: Called Strike 3-1: Base on Balls Lee Lacy to third Lloyd Moseby to second
|
|
Batting: RHB George Foster
|
0-0: Ball 1-0: Fly out, F9 (Flyball, 89M, EV 92.5 MPH) Runner from 3rd tags up, SCORES, throw by RF
|
|
Batting: SHB Jerry Mumphrey
|
0-0: Foul Ball, location: 2F 0-1: Ball 1-1: Ball 2-1: Called Strike 2-2: Strikes out looking
|
| Bottom of the 5th over - 1 run, 1 hit, 0 errors, 2 left on base; Baltimore 4 - Minnesota 1 |
| TOP OF THE 6TH |
|
Baltimore Orioles batting - Pitching for Minnesota Twins : RHP Marcos Ortega
|
|
Batting: RHB Matt Rice
|
0-0: Ball 1-0: SINGLE (Groundball, 15, EV 91.3 MPH) (infield hit)
|
|
Batting: RHB Dennis Werth
|
0-0: Ball 1-0: Ball 2-0: Ball 3-0: Called Strike 3-1: Fielders Choice at 2nd, 6-4 (Groundball, 6M, EV 89.4 MPH)
|
|
Batting: RHB Marty G Barrett
|
0-0: Fly out, F8 (Line Drive, 8RM, EV 103.1 MPH)
|
|
Batting: SHB Willie McGee
|
0-0: Ball 1-0: Swinging Strike 1-1: Ball Dennis Werth is caught stealing 2nd base 2-6
|
| Top of the 6th over - 0 runs, 1 hit, 0 errors, 0 left on base; Baltimore 4 - Minnesota 1 |
| BOTTOM OF THE 6TH |
|
Minnesota Twins batting - Pitching for Baltimore Orioles : RHP Don Robinson
|
|
Batting: RHB Matt Cooper
|
0-0: Called Strike 0-1: Ball 1-1: Fly out, F1 (Line Drive, P, EV 73.8 MPH)
|
|
Batting: RHB Chet Lemon
|
0-0: Ground out 5-3 (Groundball, 5, EV 108.8 MPH)
|
|
Batting: RHB Aurelio Rodriguez
|
0-0: Ball 1-0: Foul Ball, location: 2F 1-1: Called Strike 1-2: Ground out 5-3 (Groundball, 56S, EV 80.0 MPH)
|
| Bottom of the 6th over - 0 runs, 0 hits, 0 errors, 0 left on base; Baltimore 4 - Minnesota 1 |
| TOP OF THE 7TH |
|
Baltimore Orioles batting - Pitching for Minnesota Twins : RHP Marcos Ortega
|
|
Batting: SHB Willie McGee
|
0-0: Ball 1-0: SINGLE (Line Drive, 34, EV 105.0 MPH)
|
|
Batting: SHB Johnny Ray
|
0-0: Ball 1-0: Ball 2-0: Swinging Strike 2-1: Foul Ball, location: 2F 2-2: Ball 3-2: Foul Ball, location: 2F 3-2: Base on Balls Willie McGee to second
|
|
Batting: LHB Dave Parker
|
0-0: Ball 1-0: Foul Ball, location: 2F 1-1: Fly out, F8 (Flyball, 89D, EV 99.4 MPH) Runner from 2nd tags up, SAFE at 3rd, no throw by CF
|
|
Pitching: RHP Mark Fidrych
|
|
|
Batting: RHB Dwight Evans
|
0-0: Ball 1-0: Ball 2-0: Called Strike 2-1: Foul Ball, location: 2F 2-2: Ball 3-2: Base on Balls Johnny Ray to second
|
|
Batting: LHB Fred Lynn
|
0-0: Called Strike 0-1: Ball 1-1: Foul Ball, location: 2F 1-2: Ball 2-2: Foul Ball, location: 2F 2-2: Strikes out swinging
|
|
Batting: SHB Steve R Ontiveros
|
0-0: Ball 1-0: Ball 2-0: Ball 3-0: Base on Balls Willie McGee scores Johnny Ray to third Dwight Evans to second
|
|
Batting: RHB Matt Rice
|
0-0: Called Strike 0-1: Foul Ball, location: 2F 0-2: Strikes out swinging
|
| Top of the 7th over - 1 run, 1 hit, 0 errors, 3 left on base; Baltimore 5 - Minnesota 1 |
| BOTTOM OF THE 7TH |
|
Minnesota Twins batting - Pitching for Baltimore Orioles : RHP Don Robinson
|
|
Now in CF: Mark Brouhard
|
|
|
Batting: LHB Ken Oberkfell
|
0-0: Ball 1-0: SINGLE (Line Drive, 4D, EV 106.3 MPH)
|
|
Batting: RHB Lee Lacy
|
0-0: Called Strike 0-1: Ball 1-1: Foul Ball, location: 2F 1-2: Fly out, F9 (Flyball, 9, EV 86.3 MPH)
|
|
Batting: LHB Lloyd Moseby
|
0-0: Hit by Pitch Ken Oberkfell to second
|
|
Batting: RHB Steve Brye
|
0-0: Ball 1-0: Ball 2-0: Ball 3-0: Called Strike 3-1: Base on Balls Ken Oberkfell to third Lloyd Moseby to second
|
|
Batting: RHB George Foster
|
0-0: Ball 1-0: Called Strike 1-1: Swinging Strike 1-2: SINGLE (Groundball, 56D, EV 108.1 MPH) Ken Oberkfell scores Lloyd Moseby to third Steve Brye to second Runner from 3rd tries for Home, SAFE, throw by LF to home
|
|
Batting: SHB Jerry Mumphrey
|
0-0: Ball 1-0: Called Strike 1-1: Foul Ball, location: 2F 1-2: Fly out, F8 (Flyball, 8LM, EV 87.5 MPH)
|
|
Pitching: RHP Dave Patterson
|
|
|
Batting: RHB Matt Cooper
|
0-0: Ball 1-0: Ball 2-0: Ball 3-0: Called Strike 3-1: Swinging Strike 3-2: SINGLE (Line Drive, 8LS, EV 105.6 MPH) Steve Brye to third George Foster to second Steve Brye scores George Foster to third
|
|
Batting: RHB Chet Lemon
|
0-0: Foul Ball, location: 2F 0-1: Ball 1-1: Called Strike 1-2: Ball 2-2: Foul Ball, location: 2F 2-2: SINGLE (Groundball, 56, EV 107.5 MPH) (infield hit) George Foster scores Matt Cooper to second
|
|
Batting: RHB Aurelio Rodriguez
|
0-0: Ground out 6-3 (Groundball, 6S, EV 69.4 MPH)
|
| Bottom of the 7th over - 4 runs, 4 hits, 0 errors, 2 left on base; Baltimore 5 - Minnesota 5 |
| TOP OF THE 8TH |
|
Baltimore Orioles batting - Pitching for Minnesota Twins : RHP Mark Fidrych
|
|
Pitching: RHP Stephen Fuller
|
|
|
Batting: RHB Dennis Werth
|
0-0: Called Strike 0-1: Foul Ball, location: 2F 0-2: Ball 1-2: Ball 2-2: Strikes out swinging
|
|
Batting: RHB Marty G Barrett
|
0-0: Ground out 6-3 (Groundball, 6, EV 85.0 MPH)
|
|
Batting: SHB Willie McGee
|
0-0: Foul Ball, location: 2F 0-1: Swinging Strike 0-2: Ball 1-2: Strikes out swinging
|
| Top of the 8th over - 0 runs, 0 hits, 0 errors, 0 left on base; Baltimore 5 - Minnesota 5 |
| BOTTOM OF THE 8TH |
|
Minnesota Twins batting - Pitching for Baltimore Orioles : RHP Dave Patterson
|
|
Pitching: LHP Dave LaRoche
|
|
|
Batting: LHB Ken Oberkfell
|
0-0: Fly out, F7 (Flyball, 78D, EV 85.6 MPH)
|
|
Batting: RHB Lee Lacy
|
0-0: Ground out 6-3 (Groundball, 6S, EV 68.1 MPH)
|
|
Batting: LHB Lloyd Moseby
|
0-0: Ball 1-0: Ball 2-0: Fly out, F6 (Popup, 6MS, EV 81.3 MPH)
|
| Bottom of the 8th over - 0 runs, 0 hits, 0 errors, 0 left on base; Baltimore 5 - Minnesota 5 |
| TOP OF THE 9TH |
|
Baltimore Orioles batting - Pitching for Minnesota Twins : RHP Stephen Fuller
|
|
Batting: SHB Johnny Ray
|
0-0: Ball 1-0: Ball 2-0: Foul Ball, location: 2F 2-1: Ground out 4-3 (Groundball, 4, EV 84.4 MPH)
|
|
Batting: RHB Mark Brouhard
|
0-0: Ball 1-0: Ball 2-0: Foul Ball, location: 2F 2-1: Called Strike 2-2: Strikes out swinging
|
|
Batting: RHB Dwight Evans
|
0-0: Foul Ball, location: 2F 0-1: Foul Ball, location: 2F 0-2: Strikes out swinging
|
| Top of the 9th over - 0 runs, 0 hits, 0 errors, 0 left on base; Baltimore 5 - Minnesota 5 |
| BOTTOM OF THE 9TH |
|
Minnesota Twins batting - Pitching for Baltimore Orioles : LHP Dave LaRoche
|
|
Batting: RHB Steve Brye
|
0-0: Called Strike 0-1: Hit by Pitch
|
|
Batting: RHB George Foster
|
0-0: Called Strike 0-1: Ball 1-1: Foul Ball, location: 2F 1-2: Strikes out swinging
|
|
Batting: SHB Jerry Mumphrey
|
0-0: Ball 1-0: Ball 2-0: Ball 3-0: Base on Balls Steve Brye to second
|
|
Batting: RHB Matt Cooper
|
0-0: Ball 1-0: Ball 2-0: Called Strike 2-1: Foul Ball, location: 2F 2-2: Foul Ball, location: 2F 2-2: Ball 3-2: Ground out 5-3 (Groundball, 56, EV 85.6 MPH) Steve Brye to third Jerry Mumphrey to second
|
|
Batting: RHB Chet Lemon
|
0-0: Intentional Walk
|
|
Pitching: RHP John Howell
|
|
|
Batting: RHB Aurelio Rodriguez
|
0-0: Ball 1-0: Foul Ball, location: 2F 1-1: Swinging Strike 1-2: Ball 2-2: Strikes out swinging passed ball, reaches first! Steve Brye scores
|
| Bottom of the 9th over - 1 run, 0 hits, 0 errors, 0 left on base; Baltimore 5 - Minnesota 6 |
|